 Dungeon Crawl Stone Soup version 0.30-b1-2-g02819fbbbe (webtiles) character file.

Game seed: 13482564130197066316

4 Arcadio the Trooper (level 1, 0/14 HPs)
             Began as a Gargoyle Cinder Acolyte on May 15, 2023.
             Was a High Priest of Ignis.
             Slain by a kobold
             ... wielding a +0 short sword
              (3 damage)
             ... on level 1 of the Dungeon.
             The game lasted 00:00:56 (230 turns).

Arcadio the Trooper (Gargoyle Cinder Acolyte)        Turns: 230, Time: 00:00:57

Health: 0/14       AC:  4    Str: 17    XL:     1   Next: 70%
Magic:  2/2        EV: 11    Int: 14    God:    Ignis [*****.]
Gold:   34         SH:  0    Dex:  5    Spells: 2/2 levels left

rFire   + . .        a - -1 mace (flame)
rCold   . . .        (no shield)
rNeg    + . .        b - +0 robe
rPois   ∞            (no helmet)
rElec   +            (no cloak)
rCorr   .            (no gloves)
SInv    .            (no boots)
Will    .....        (no amulet)
Stlth   +            (no ring)
HPRegen 0.22/turn    (no ring)
MPRegen 0.08/turn

%: no passive effects
@: no status effects
A: sickness immunity, AC +2, negative energy resistance 1, electricity
resistance, torment resistance 1, petrification resistance
a: Renounce Religion, Fiery Armour, Foxfire Swarm, Rising Flame


You were on level 1 of the Dungeon.
You worshipped Ignis.
Ignis was extremely pleased with you.
You visited 1 branch of the dungeon, and saw 1 of its levels.

You collected 34 gold pieces.

Inventory:

Hand Weapons
 a - a -1 mace of flaming (weapon)
Armour
 b - a +0 robe (worn)
Scrolls
 e - a scroll of noise {unknown}
 f - 5 scrolls of identify {unknown}
Potions
 c - a potion of flight {unknown}
 d - a potion of might {unknown}


   Skills:
 + Level 3.4 Fighting
 + Level 3.1 Maces & Flails
 + Level 0.5 Armour
 - Level 1.0 Spellcasting
 - Level 3.0 Fire Magic


You had 2 spell levels left.
You didn't know any spells.
Your spell library contained the following spells:

 Spells                   Type           Power      Damage    Failure   Level
 Scorch                   Fire           18%        2d5       12%         2


Dungeon Overview and Level Annotations

Branches:
Dungeon (1/15) Zot: 5765

Altars:


Innate Abilities, Weirdness & Mutations

You are immune to sickness and miasma.
Your stone body is resilient. (AC +2)
You are immune to poison.
You resist negative energy. (rN+)
You are resistant to electric shocks. (rElec)
You are resistant to unholy torment.
You are immune to petrification.


Message History

The giant cockroach closely misses you. The giant cockroach bites you.
You hit the giant cockroach. You burn the giant cockroach.
You kill the giant cockroach!
Things that are here:
a giant cockroach corpse; a ball python corpse HP restored.
f - 3 scrolls labelled XEPTEOM TUACE (gained 1)
You now have 34 gold pieces (gained 9).
A goblin comes into view. It is wielding a +0 dagger.
The goblin shouts!
The goblin misses you.
You hit the goblin. You burn the goblin.
You kill the goblin!
Things that are here:
a +0 dagger; a goblin corpse
f - 4 scrolls labelled XEPTEOM TUACE (gained 1)
f - 5 scrolls labelled XEPTEOM TUACE (gained 1)
A frilled lizard comes into view.
The frilled lizard hisses angrily.
The frilled lizard barely misses you.
You sock the frilled lizard! You burn the frilled lizard.
You kill the frilled lizard!
You see here a frilled lizard corpse.
You see here a frilled lizard corpse.
A kobold comes into view. It is wielding a +0 short sword.
The kobold hits you with a +0 short sword.
You barely miss the kobold. The kobold barely misses you.
You barely miss the kobold.
The kobold hits you with a +0 short sword.
You barely miss the kobold.
The kobold hits you with a +0 short sword.
You miss the kobold. The kobold hits you but does no damage.
You hit the kobold but do no damage. The kobold hits you but does no damage.
The kobold hits you with a +0 short sword.
You closely miss the kobold. The kobold closely misses you.
You hit the kobold but do no damage. The kobold completely misses you.
You closely miss the kobold. The kobold hits you but does no damage.
You closely miss the kobold.
The kobold hits you with a +0 short sword. x2
You die...

######.#####.#
######..# #.#
........# #.#
....##..# #.#
###.##..# #.#
....8..##
#.#######
....#..#
#.......#
.<..#..#
######..+
....#..#
#...K@.##
....8..##
#.######
######..#
....#...#
........##.#
...........#
#.##########
..# ###


You could see a kobold.

Vanquished Creatures
  A ball python (D:1)
  A giant cockroach (D:1)
  A goblin (D:1)
  A frilled lizard (D:1)
4 creatures vanquished.

Notes
Turn   | Place    | Note
-------+----------+-------------------------------------------
     0 | D:1      | Arcadio the Gargoyle Cinder Acolyte began the quest for the
                  | Orb.
     0 | D:1      | Reached XP level 1. HP: 14/14 MP: 2/2
    62 | D:1      | Found a faded altar of an unknown god.
   230 | D:1      | Slain by a kobold

Illustrated notes

Levels and vault maps discovered:
D:1:      scummos_arrival_simple_crosswalls, layout_loops_ring,
          dreamdust_ecumenical_altar_statues, chequers_serial_rivers_room_b

Action                     || total
---------------------------++-------
  Melee: Mace              ||    18
 Armour: Robe              ||     9
  Dodge: Dodged            ||    10
